 Dungeon Crawl Stone Soup version 0.19-a0-1091-g463c9de (webtiles) character file.

1073 4thArraOfDagon the Grappler (level 8, 0/68 HPs)
             Began as a Troll Arcane Marksman on Aug 7, 2016.
             Was a Follower of Vehumet.
             Slain by Xoff's ghost (5 damage)
             ... on level 7 of the Dungeon.
             The game lasted 00:04:27 (771 turns).

4thArraOfDagon the Grappler (Troll Arcane Marksman)  Turns: 771, Time: 00:04:27

Health: 0/68       AC:  8    Str: 20    XL:     8   Next: 7%
Magic:  8/8        EV: 10    Int: 11    God:    Vehumet [*.....]
Gold:   45         SH:  0    Dex:  9    Spells: 1 memorised, 8 levels left

rFire  . . .     SeeInvis .       - Unarmed
rCold  + . .     Gourm    +     h - +2 robe {rC+}
rNeg   . . .     Faith    .     (no shield)
rPois  .         Spirit   .     (helmet restricted)
rElec  .         Dismiss  .     q - +0 cloak
rCorr  .         Reflect  .     (gloves unavailable)
SustAt .         Harm     .     (boots unavailable)
MR     .....                    (no amulet)
Stlth  +.........               (no ring)
                                (no ring)

@:
A: unfitting armour, claws 3, fast metabolism 3, gourmand, regeneration 2,
shaggy fur 1, tough skin 2
a: Renounce Religion


You were on level 7 of the Dungeon.
You worshipped Vehumet.
Vehumet was aware of your devotion.
You were very full.

You visited 1 branch of the dungeon, and saw 7 of its levels.

You collected 45 gold pieces.

Inventory:

Missiles
 c - 4 large rocks (quivered)
 d - 3 throwing nets
Armour
 a - a +0 robe
 h - a +2 robe of cold resistance (worn)
 q - a +0 cloak (worn)
Jewellery
 m - an uncursed ring of ice
Scrolls
 e - a scroll of enchant weapon
 l - a scroll of remove curse
Books
 b - a book of Debilitation

   Spells                             Type                      Level
   a - Corona                         Hexes                        1
   b - Slow                           Hexes                        2
   c - Gell's Gravitas                Hexes/Translocation          3
   d - Inner Flame                    Hexes/Fire                   3
   e - Cause Fear                     Hexes                        4
   f - Leda's Liquefaction            Hexes/Earth                  4
Comestibles
 f - 2 bread rations
 i - 3 fruits
 o - a beef jerky


   Skills:
 - Level 0.7 Fighting
 - Level 1.7 Throwing
 - Level 1.5 Dodging
 * Level 9.4 Unarmed Combat
 - Level 1.0 Spellcasting
 - Level 2.0 Hexes


You had 8 spell levels left.
You knew the following spells:

 Your Spells              Type           Power        Failure   Level  Hunger
a - Corona                Hex            #......      17%         1    ##.....


Dungeon Overview and Level Annotations

Branches:
Dungeon (7/15)
 Temple: D:4-7

Altars:
Ashenzari
Vehumet

Annotations:
D:7 Xoff's ghost, novice MiFi


Innate Abilities, Weirdness & Mutations

You are too large for most types of armour.
You have claws for hands.
Your metabolism is lightning-fast.
You like to eat raw meat.
You heal very quickly.
You are covered in fur. (AC +1)
You have very tough skin. (AC +2)


Message History

Unknown command.
Unknown command.
Unknown command.
Press: ? - help, v - describe, . - travel, g - get item
Here: Xoff's ghost (heavily damaged)
A dagger.
There is something else lying underneath.
The floor, spattered with blood.
You claw Xoff's ghost!
Xoff's ghost is severely damaged.
Xoff's ghost hits you but does no damage.
Unknown command.
You closely miss Xoff's ghost.
Xoff's ghost is severely damaged.
Unknown command.
Unknown command.
You scratch Xoff's ghost.
Xoff's ghost is severely damaged.
Xoff's ghost hits you.
You die...

## #### .. #... .#
#..##.# #.o<..#
##o#### #.# ###
#.# #@#.####.##
#W#.......#
#)######o.#
#...o..so.####.#.#
#########....._...
######.#.#


You could see Xoff's ghost.

Vanquished Creatures
  Pikel (D:5)
  Menkaure (D:6)
  2 giant frogs (D:7)
  A scorpion (D:7)
  2 hounds
  3 orc priests (D:7)
  4 orc wizards (D:7)
  A worker ant (D:5)
  4 gnolls (D:5)
  2 adders (D:4)
  3 giant geckos
  3 orcs (D:7)
  A giant cockroach (D:1)
  A goblin (D:1)
  4 hobgoblins
  3 giant newts
36 creatures vanquished.

Vanquished Creatures (others)
  A giant cockroach (D:5)
  A quokka (D:5)
2 creatures vanquished.

Grand Total: 38 creatures vanquished

Notes
Turn   | Place    | Note
-------+----------+-------------------------------------------
     0 | D:1      | 4thArraOfDagon the Troll Arcane Marksman began the quest for the Orb.
     0 | D:1      | Reached XP level 1. HP: 18/18 MP: 1/1
    93 | D:1      | WHY
   134 | D:1      | Reached skill level 1 in Unarmed Combat
   200 | D:2      | You fall through a shaft for 2 floors!
   200 | D:4      | Found a radiant altar of Vehumet.
   231 | D:4      | Became a worshipper of Vehumet
   232 | D:4      | ok
   319 | D:3      | Reached XP level 2. HP: 25/26 MP: 2/2
   376 | D:5      | Entered Level 5 of the Dungeon
   388 | D:4      | Reached skill level 2 in Unarmed Combat
   394 | D:4      | Reached skill level 3 in Unarmed Combat
   394 | D:4      | Reached XP level 3. HP: 28/32 MP: 3/3
   508 | D:5      | Noticed Pikel
   508 | D:5      | Noticed a slave
   508 | D:5      | Noticed a slave
   509 | D:5      | Noticed a slave
   509 | D:5      | Noticed a slave
   523 | D:5      | Killed Pikel
   523 | D:5      | Reached skill level 7 in Unarmed Combat
   523 | D:5      | Reached XP level 4. HP: 40/40 MP: 4/4
   523 | D:5      | Reached XP level 5. HP: 46/46 MP: 5/5
   523 | D:5      | Reached XP level 6. HP: 54/54 MP: 6/6
   533 | D:5      | Reached XP level 7. HP: 61/61 MP: 7/7
   641 | D:6      | Noticed Menkaure
   645 | D:6      | Killed Menkaure
   645 | D:6      | Reached skill level 8 in Unarmed Combat
   673 | D:7      | Found a shattered altar of Ashenzari.
   711 | D:7      | Reached * piety under Vehumet
   711 | D:7      | Offered knowledge of Shock by Vehumet.
   731 | D:7      | Reached skill level 9 in Unarmed Combat
   741 | D:7      | Reached XP level 8. HP: 45/68 MP: 8/8
   757 | D:7      | Noticed Xoff's ghost (novice MiFi)
   771 | D:7      | Slain by Xoff's ghost

Vault maps used:
D:1:      minmay_arrival_loop, item_on_display_b
D:2:      grunt_temple_overflow_opulence, minmay_crystal_room,
          grunt_dithmenos_smoke, uniq_robin
D:3:      nicolae_qazlal_general_emergency, first_bread,
          minmay_stone_trees_small, uniq_terence
D:4:      overflow_temple_1_default, portal_sewer_entry_f, nrook_mini_backslash
D:5:      lemuel_doored_altar, uniq_pikel
D:6:      kennysheep_vampire_church, nicolae_ru_the_path_less_chosen,
          uniq_menkaure, uniq_eustachio
D:7:      minmay_flawed_box, ashenzari_altar_1, chequers_ossuary_entry_cave

Skill      XL: |  1  2  3  4  5  6  7 |
---------------+----------------------+-----
Unarmed Combat | 1 3 7 9 |  9.4
Fighting       | |  0.7
Throwing       | |  1.7
Dodging        | |  1.5
Spellcasting   | |  1.0
Hexes          | |  2.0

Action                   |  1- 3 |  4- 6 |  7- 9 || total
-------------------------+-------+-------+-------++-------
Melee: Unarmed           |    59 |     3 |    77 ||   139
       Punch             |       |       |     1 ||     1
  Use: Potion            |     3 |       |     1 ||     4
       Scroll            |       |       |     4 ||     4
  Eat: Chunk             |     8 |       |     3 ||    11
Armor: Robe              |     8 |       |    14 ||    22
       Skin              |     7 |     7 |     9 ||    23
Dodge: Dodged            |    27 |       |    17 ||    44
